 Dungeon Crawl Stone Soup version 0.31-a0-750-gfe7b580527 (webtiles) character file.

Game seed: 11315431806962424723

536 randomguy2701 the Chopper (level 7, -1/60 HPs)
             Began as a Hill Orc Fighter on Sept 15, 2023.
             Was a Believer of Beogh.
             Killed from afar by Blork the orc (3 damage)
             ... with a puff of flame
             ... on level 5 of the Dungeon.
             The game lasted 00:04:29 (3975 turns).

randomguy2701 the Chopper (Hill Orc Fighter)        Turns: 3975, Time: 00:04:30

Health: -1/60      AC:  9    Str: 19    XL:     7   Next: 25%
Magic:  0/7        EV:  9    Int:  8    God:    Beogh [**....]
Gold:   290        SH:  5    Dex: 12    Spells: 6/6 levels left

rFire   . . .        a - +0 war axe
rCold   + . .        c - +0 buckler
rNeg    + . .        b - +0 scale mail
rPois   .            x - +0 hat of Dawn {SInv}
rElec   .            z - +0 cloak
rCorr   .            y - +0 pair of gloves
SInv    +            (no boots)
Will    .....        e - amulet of guardian spirit Stlth
                     o - ring of positive energy
HPRegen 0.30/turn    C - ring of protection from cold
MPRegen 0.10/turn

%: guardian spirit
@: no status effects
A: no striking features
a: Renounce Religion, Smiting


You were on level 5 of the Dungeon.
You worshipped Beogh.
Beogh was pleased with you.
You visited 1 branch of the dungeon, and saw 5 of its levels.
You also visited: Sewer.

You collected 290 gold pieces.

Inventory:

Hand Weapons
 a - a +0 war axe (weapon)
Armour
 b - a +0 scale mail (worn)
 c - a +0 buckler (worn)
 x - the +0 hat of Dawn (worn) {SInv}
   (You found it on level 4 of the Dungeon)

   SInv:      It lets you see invisible.
 y - a +0 pair of gloves (worn)
 z - a +0 cloak (worn)
Jewellery
 e - an amulet of guardian spirit (around neck)
 o - a ring of positive energy (left hand)
 C - a ring of protection from cold (right hand)
Wands
 u - a wand of polymorph (10)
 w - a wand of charming (9)
Scrolls
 f - 5 scrolls of identify {unknown}
 h - 2 scrolls of revelation {unknown}
 i - a scroll of brand weapon {unknown}
 j - a scroll of poison {unknown}
 n - 2 scrolls of noise {unknown}
 q - a scroll of blinking {unknown}
 r - a scroll of enchant weapon {unknown}
Potions
 d - 4 potions of might
 g - 3 potions of berserk rage {unknown}
 k - 2 potions of degeneration {unknown}
 l - 2 potions of heal wounds {unknown}
 m - a potion of mutation {unknown}
 p - a potion of ambrosia {unknown}
 s - a potion of attraction {unknown}
 t - a potion of magic {unknown}
 v - a potion of invisibility {unknown}
 A - a potion of brilliance {unknown}
 B - a potion of curing {unknown}


   Skills:
 + Level 4.8 Fighting
 + Level 7.1 Axes
 + Level 5.0 Armour
 + Level 1.2 Dodging
 + Level 0.7 Stealth
 + Level 4.2 Shields


You had 6 spell levels left.
You didn't know any spells.
Your spell library contained the following spells:

 Spells                   Type           Power      Damage    Failure   Level
 Gell's Gravitas          Tloc           0%         N/A       99%         3
 Teleport Other           Tloc           0%         N/A       99%         3
 Dispersal                Tloc           0%         N/A       100%        6
 Simulacrum               Ice/Necr       0%         N/A       100%        6
 Ozocubu's Refrigeration  Ice            0%         4d7       100%        7
 Polar Vortex             Ice            0%         N/A       100%        9


Dungeon Overview and Level Annotations

Branches:
Dungeon (5/15)              Sewer (visited)
 Temple: D:4-7

Altars:
Hepliaklqana
Kikubaaqudgha
Qazlal

Annotations:
D:5 Blork the orc


Message History

Blork the orc hits you from afar with a +0 halberd.
The adder bites you but does no damage.
Blork the orc hits you from afar with a +0 halberd!
You barely miss the adder.
The adder is almost dead.
The adder bites you but does no damage.
Blork the orc hits you but does no damage.
The adder bites you.
You closely miss the adder.
The adder is almost dead.
Blork the orc barely misses you.
Blork the orc hits you from afar with a +0 halberd.
The adder misses you.
You hit the adder.
You kill the adder!
Beogh accepts your kill. Blork the orc casts a spell at you.
The puff of flame hits you!
Blork the orc hits you from afar with a +0 halberd!
Your Armour skill increases to level 5!
Blork the orc attacks as he pursues you!
You block Blork the orc's attack. Blork the orc barely misses you.
Blork the orc points at you and mumbles some strange words.
The puff of frost hits you. You resist.
Blork the orc attacks as he pursues you!
Blork the orc closely misses you.
Blork the orc hits you from afar with a +0 halberd.
* * * LOW HITPOINT WARNING * * *
Blork the orc hits you from afar with a +0 halberd.
* * * LOW HITPOINT WARNING * * *
Blork the orc attacks as he pursues you!
Blork the orc hits you from afar with a +0 halberd!
* * * LOW HITPOINT WARNING * * *
You block Blork the orc's attack.
Blork the orc gestures at you while chanting.
The puff of frost hits you. You resist.
* * * LOW HITPOINT WARNING * * *
Blork the orc gestures at you while chanting.
The puff of flame hits you.
You die...

# #.###.#####..#
..##.##.###.# ..#
#..............# ...
#..###.###.##### ...
#..# #.###.## ##
#..###.##..o###
#...##.##.....#
#.#.##.##...#.#
###.#.##.######@#
##.#.#.##.# ##.##
#.........#####...####
.....................+
#...#..########...####
##.##.#.# ##.##
###..###.# #.# # #.#.
## #.# # #.# .# #.#


You could see Blork the orc (fast).

Vanquished Creatures
  A kobold brigand (Sewer)
  A scorpion (D:5)
  A howler monkey (D:4)
  An orc priest (D:5)
  Jessica (D:2)
  An iguana (D:5)
  An orc wizard (D:5)
  14 adders
  A river rat (D:3)
  An ufetubus (D:5)
  3 worms
  2 dart slugs (D:3)
  9 orcs
  4 bats
  7 endoplasms
  5 giant cockroaches
  5 goblins
  12 hobgoblins
  7 jackals
  10 kobolds
  5 quokkas
  8 ball pythons
  5 frilled lizards
  7 rats
112 creatures vanquished.

Notes
Turn   | Place    | Note
-------+----------+-------------------------------------------
     0 | D:1      | randomguy2701 the Hill Orc Fighter began the quest for the
                  | Orb.
     0 | D:1      | Reached XP level 1. HP: 19/19 MP: 1/1
   116 | D:1      | Reached XP level 2. HP: 18/27 MP: 2/2
   139 | D:1      | Reached skill level 3 in Axes
   342 | D:1      | Reached XP level 3. HP: 29/33 MP: 3/3
   971 | D:2      | Noticed Jessica
   992 | D:2      | Killed Jessica
   993 | D:2      | Reached skill level 4 in Axes
   993 | D:2      | Reached XP level 4. HP: 11/41 MP: 4/4
  1421 | D:2      | Found a faded altar of an unknown god.
  1671 | D:3      | Became a worshipper of Beogh the Brigand
  1846 | D:3      | Reached XP level 5. HP: 45/47 MP: 5/5
  1914 | D:3      | Found a glowing drain.
  1918 | Sewer    | Entered a sewer
  1927 | Sewer    | Noticed a kobold brigand
  1954 | Sewer    | Killed a kobold brigand
  1955 | Sewer    | Reached skill level 5 in Axes
  1955 | Sewer    | Reached XP level 6. HP: 17/53 MP: 6/6
  2141 | Sewer    | Reached * piety under Beogh
  2345 | Sewer    | Reached skill level 1 in Dodging
  2937 | D:4      | Found a hazy altar of Hepliaklqana.
  3022 | D:4      | Found a stormy altar of Qazlal.
  3039 | D:4      | Identified the +0 hat of Dawn {SInv}
  3161 | D:4      | Reached skill level 6 in Axes
  3190 | D:4      | Found an ancient bone altar of Kikubaaqudgha.
  3784 | D:5      | Entered Level 5 of the Dungeon
  3800 | D:5      | Reached ** piety under Beogh
  3803 | D:5      | Reached XP level 7. HP: 53/60 MP: 5/7
  3809 | D:5      | Reached skill level 7 in Axes
  3952 | D:5      | Noticed Blork the orc
  3962 | D:5      | Reached skill level 5 in Armour
  3973 | D:5      | HP: 1/60 [Blork the orc/puff of frost (3)]
  3975 | D:5      | Killed from afar by Blork the orc

Illustrated notes

Levels and vault maps discovered:
D:1:      orjb1_clovarrival, layout_loops_ring
D:2:      layout_loops_ring, shapermc_ecumenical_altar_mp_urbaneastern,
          uniq_jessica
D:3:      layout_basic, gup_sewer_entry_bowl, kennysheep_generic_room_11
D:4:      layout_basic, kiku_gazebo_pond_becter, grunt_qazlal_sundering,
          general_overflow_altar
D:5:      layout_loops_corners, uniq_blork_the_orc, uniq_prince_ribbit1

Skill      XL: |  1  2  3  4  5  6  7 |
---------------+----------------------+-----
Axes           | 3 4 5 6 7 |  7.1
Fighting       | 4 |  4.8
Armour         | 4 5 |  5.0
Dodging        | 1 |  1.2
Shields        | 4 |  4.2
Stealth        | |  0.7

Action                     |  1- 3 |  4- 6 |  7- 9 || total
---------------------------+-------+-------+-------++-------
  Melee: War axe           |   123 |   259 |    30 ||   412
 Invoke: Convert to Beogh  |       |     1 |       ||     1
 Armour: Scale mail        |   104 |   192 |    30 ||   326
  Dodge: Dodged            |    69 |   121 |    17 ||   207
  Block: Buckler           |    25 |    55 |     4 ||    84

Table legend: (Time is in decaauts)
 A = Elapsed time spent in this place.
 B = Non-inter-level travel time spent in this place.
 C = Inter-level travel time spent in this place.
 D = Time resting spent in this place.
 E = Time spent auto-exploring this place.
 F = Levels seen in this place.
 G = Mean time per level.
                   A        B        C        D        E       F      G
               +--------+--------+--------+--------+--------+-----+--------+
         Total |   4203 |   4070 |    133 |      0 |   3142 |   6 |  700.5 |
       Dungeon |   3528 |   3395 |    133 |      0 |   2638 |   5 |  705.6 |
         Sewer |    674 |    674 |      0 |      0 |    504 |   1 |  674.0 |
               +--------+--------+--------+--------+--------+-----+--------+

Top non-repeatable levels by time:
     D:4: 906 daAuts
     D:1: 846 daAuts
     D:2: 806 daAuts
     D:3: 769 daAuts
   Sewer: 674 daAuts
     D:5: 199 daAuts
